PAAA
MEMPHIS REDBIRDS @ FOREST CITY WARRIORS
09/04/2041
 
TOP OF THE 1ST
Memphis Redbirds batting - Pitching for Forest City Warriors : RHP Buzzy Grossman
Pitching: RHP Buzzy Grossman
Batting: RHB Joël Pesci 0-0: Called Strike
0-1: Called Strike
0-2: Ball
1-2: Ball
2-2: Foul Ball, location: 2F
2-2: Strikes out looking
Batting: RHB Ed Roth 0-0: Foul Ball, location: 2F
0-1: Called Strike
0-2: Ball
1-2: Ball
2-2: Foul Ball, location: 2F
2-2: Foul Ball, location: 2F
2-2: Foul Ball, location: 2F
2-2: Reached on error, E6 (Groundball, 6D, EV 103.8 MPH)
Batting: RHB Yong-hong Ren 0-0: Ball
1-0: SINGLE (Line Drive, 78S, EV 108.1 MPH)
Ed Roth to third
Batting: RHB Júlio Coronado 0-0: Foul Ball, location: 2F
0-1: SINGLE (Line Drive, 4MD, EV 98.8 MPH)
Ed Roth scores
Yong-hong Ren to second
Runner from 2nd tries for 3rd, SAFE, no throw by CF
Batting: LHB Rodney McClellan 0-0: Foul Ball, location: 2F
0-1: DOUBLE (Line Drive, 9LM, EV 110.0 MPH)
Yong-hong Ren scores
Júlio Coronado to third
Batting: RHB Jesús Capmany 0-0: Ball
1-0: SINGLE (Groundball, 56D, EV 93.8 MPH)
Júlio Coronado scores
Rodney McClellan to third
Runner from 3rd tries for Home, SAFE, no throw by LF
Batting: RHB Gonzalo Quintanilla 0-0: Called Strike
0-1: Ball
1-1: Grounds into double play, 4-6-3 (Groundball, 4M, EV 109.4 MPH)
Top of the 1st over - 4 runs, 4 hits, 1 error, 0 left on base; Memphis 4 - Forest City 0
BOTTOM OF THE 1ST
Forest City Warriors batting - Pitching for Memphis Redbirds : RHP Annamaya Rakhi
Pitching: RHP Annamaya Rakhi
Batting: RHB Ernest Franks 0-0: Swinging Strike
0-1: Foul Ball, location: 2F
0-2: Strikes out looking
Batting: RHB Sigi Lang 0-0: Hit by Pitch
Batting: RHB Roberto Vázquez 0-0: Fielders Choice at 2nd, 6-4 (Groundball, 6S, EV 88.1 MPH)
Batting: RHB Wilbur Davis 0-0: Ball
1-0: Foul Ball, location: 2F
1-1: Ball
2-1: Called Strike
2-2: Fly out, F8 (Line Drive, 8LM, EV 91.9 MPH)
Bottom of the 1st over - 0 runs, 0 hits, 0 errors, 1 left on base; Memphis 4 - Forest City 0
TOP OF THE 2ND
Memphis Redbirds batting - Pitching for Forest City Warriors : RHP Buzzy Grossman
Batting: RHB Bernardo Rodríguez 0-0: Ball
1-0: Called Strike
1-1: Swinging Strike
1-2: Ball
2-2: Fly out, F8 (Flyball, 8RXD, EV 91.9 MPH)
Batting: RHB Dave Bauer 0-0: SINGLE (Line Drive, 78S, EV 111.9 MPH)
Batting: RHB Joël Pesci 0-0: Called Strike
0-1: Ball
1-1: Called Strike
1-2: Strikes out looking
Batting: RHB Ed Roth 0-0: Ball
1-0: Fly out, F7 (Flyball, 7LS, EV 78.8 MPH)
Top of the 2nd over - 0 runs, 1 hit, 0 errors, 1 left on base; Memphis 4 - Forest City 0
BOTTOM OF THE 2ND
Forest City Warriors batting - Pitching for Memphis Redbirds : RHP Annamaya Rakhi
Batting: RHB Chris Walters 0-0: Ball
1-0: Ball
2-0: Foul Ball, location: 2F
2-1: SOLO HOME RUN (Flyball, 7D, EV 94.4 MPH), Distance : 357 ft
Batting: RHB Lawrence Stokes 0-0: Called Strike
0-1: Ball
1-1: Called Strike
1-2: Ball
2-2: Ball
3-2: Base on Balls
Batting: RHB José Álvarez 0-0: Ball
1-0: Called Strike
1-1: Called Strike
1-2: Foul Ball, location: 2F
1-2: Fly out, F7 (Flyball, 78D, EV 88.8 MPH)
Batting: RHB Armando Altagracia 0-0: Ball
1-0: SINGLE (Groundball, 6D, EV 106.9 MPH)
Lawrence Stokes to second
Batting: RHB Dale Epner 0-0: Ball
1-0: Ball
2-0: Called Strike
2-1: Ball
3-1: Base on Balls
Lawrence Stokes to third
Armando Altagracia to second
Batting: RHB Ernest Franks 0-0: Foul Ball, location: 2F
0-1: Ball
1-1: Foul Ball, location: 2F
1-2: Ball
2-2: Fly out, F2 (Popup, 5SF, EV 78.1 MPH)
Batting: RHB Sigi Lang 0-0: Ball
1-0: Fielders Choice at 2nd, U4 (Groundball, 4M, EV 81.2 MPH)
Bottom of the 2nd over - 1 run, 2 hits, 0 errors, 3 left on base; Memphis 4 - Forest City 1
TOP OF THE 3RD
Memphis Redbirds batting - Pitching for Forest City Warriors : RHP Buzzy Grossman
Batting: RHB Yong-hong Ren 0-0: Foul Ball, location: 2F
0-1: Called Strike
0-2: Strikes out swinging
Batting: RHB Júlio Coronado 0-0: Ball
1-0: Ball
2-0: DOUBLE (Flyball, 78XD, EV 91.9 MPH)
Batting: LHB Rodney McClellan 0-0: Called Strike
0-1: Called Strike
0-2: Foul Ball, location: 2F
0-2: Foul Ball, location: 2F
0-2: Hit by Pitch
Batting: RHB Jesús Capmany 0-0: Called Strike
0-1: Foul Ball, location: 2F
0-2: Ball
1-2: Ball
2-2: Ball
3-2: Fly out, F3 (Popup, 34, EV 73.8 MPH)
Batting: RHB Gonzalo Quintanilla 0-0: Foul Ball, location: 2F
0-1: Ball
1-1: Ball
2-1: Foul Ball, location: 2F
2-2: Strikes out swinging
Top of the 3rd over - 0 runs, 1 hit, 0 errors, 2 left on base; Memphis 4 - Forest City 1
BOTTOM OF THE 3RD
Forest City Warriors batting - Pitching for Memphis Redbirds : RHP Annamaya Rakhi
Batting: RHB Roberto Vázquez 0-0: Ball
1-0: Fly out, F8 (Flyball, 8RM, EV 87.5 MPH)
Batting: RHB Wilbur Davis 0-0: SOLO HOME RUN (Flyball, 7D, EV 91.2 MPH), Distance : 356 ft
Batting: RHB Chris Walters 0-0: Called Strike
0-1: Called Strike
0-2: Ball
1-2: Foul Ball, location: 2F
1-2: Ball
2-2: Strikes out looking
Batting: RHB Lawrence Stokes 0-0: Swinging Strike
0-1: Ground out U3 (Groundball, 34, EV 103.8 MPH)
Bottom of the 3rd over - 1 run, 1 hit, 0 errors, 0 left on base; Memphis 4 - Forest City 2
TOP OF THE 4TH
Memphis Redbirds batting - Pitching for Forest City Warriors : RHP Buzzy Grossman
Batting: RHB Bernardo Rodríguez 0-0: Called Strike
0-1: SINGLE (Line Drive, 8LS, EV 110.0 MPH)
Batting: RHB Dave Bauer 0-0: Grounds into double play, 6-4-3 (Groundball, 6, EV 85.6 MPH)
Batting: RHB Joël Pesci 0-0: Ground out 6-3 (Groundball, 6, EV 86.2 MPH)
Top of the 4th over - 0 runs, 1 hit, 0 errors, 0 left on base; Memphis 4 - Forest City 2
BOTTOM OF THE 4TH
Forest City Warriors batting - Pitching for Memphis Redbirds : RHP Annamaya Rakhi
Batting: RHB José Álvarez 0-0: Called Strike
0-1: Ball
1-1: Ground out 4-3 (Groundball, 4MS, EV 88.1 MPH)
Batting: RHB Armando Altagracia 0-0: Called Strike
0-1: Foul Ball, location: 2F
0-2: Ball
1-2: Ball
2-2: Fly out, F6 (Popup, 4M, EV 68.8 MPH)
Batting: RHB Dale Epner 0-0: Foul Ball, location: 2F
0-1: Fly out, F6 (Popup, P, EV 89.4 MPH)
Bottom of the 4th over - 0 runs, 0 hits, 0 errors, 0 left on base; Memphis 4 - Forest City 2
TOP OF THE 5TH
Memphis Redbirds batting - Pitching for Forest City Warriors : RHP Buzzy Grossman
Batting: RHB Ed Roth 0-0: Foul Ball, location: 2F
0-1: Ball
1-1: Swinging Strike
1-2: Ball
2-2: Ball
3-2: Foul Ball, location: 2F
3-2: Foul Ball, location: 2F
3-2: Strikes out swinging
Pitching: RHP Dave Berry
Batting: RHB Yong-hong Ren 0-0: Called Strike
0-1: Ball
1-1: Ball
2-1: Fly out, F3 (Popup, 3, EV 75.6 MPH)
Batting: RHB Júlio Coronado 0-0: Ball
1-0: Called Strike
1-1: Foul Ball, location: 2F
1-2: Ball
2-2: Ball
3-2: Strikes out looking
Top of the 5th over - 0 runs, 0 hits, 0 errors, 0 left on base; Memphis 4 - Forest City 2
BOTTOM OF THE 5TH
Forest City Warriors batting - Pitching for Memphis Redbirds : RHP Annamaya Rakhi
Batting: RHB Ernest Franks 0-0: Ball
1-0: Called Strike
1-1: Ball
2-1: SINGLE (Flyball, 7LS, EV 95.0 MPH)
Batting: RHB Sigi Lang 0-0: Ball
Ernest Franks steals 2nd base (no throw)
1-0: Ground out 5-3 (Groundball, 56, EV 85.6 MPH)
Batting: RHB Roberto Vázquez 0-0: Fly out, F9 (Flyball, 9LS, EV 78.1 MPH)
Batting: RHB Wilbur Davis 0-0: Called Strike
0-1: DOUBLE (Line Drive, 89XD, EV 103.8 MPH)
Ernest Franks scores
Batting: RHB Chris Walters Balk!
Wilbur Davis to third
0-0: Swinging Strike
0-1: Ball
1-1: Fly out, F7 (Flyball, 7, EV 82.5 MPH)
Bottom of the 5th over - 1 run, 2 hits, 0 errors, 1 left on base; Memphis 4 - Forest City 3
TOP OF THE 6TH
Memphis Redbirds batting - Pitching for Forest City Warriors : RHP Dave Berry
Batting: LHB Rodney McClellan 0-0: Called Strike
0-1: SOLO HOME RUN (Line Drive, 89XD, EV 99.4 MPH), Distance : 395 ft
Batting: RHB Jesús Capmany 0-0: Ball
1-0: Called Strike
1-1: Fly out, F8 (Flyball, 89XD, EV 96.9 MPH)
Batting: RHB Gonzalo Quintanilla 0-0: Ball
1-0: Foul Ball, location: 2F
1-1: Ball
2-1: Foul Ball, location: 2F
2-2: Ground out 4-3 (Groundball, 34, EV 98.1 MPH)
Batting: RHB Bernardo Rodríguez 0-0: Foul Ball, location: 2F
0-1: Ball
1-1: DOUBLE (Groundball, 5L, EV 103.8 MPH)
Batting: RHB Dave Bauer 0-0: Ball
1-0: Swinging Strike
1-1: Fly out, F9 (Flyball, 9LS, EV 90.0 MPH)
Top of the 6th over - 1 run, 2 hits, 0 errors, 1 left on base; Memphis 5 - Forest City 3
BOTTOM OF THE 6TH
Forest City Warriors batting - Pitching for Memphis Redbirds : RHP Annamaya Rakhi
Batting: RHB Lawrence Stokes 0-0: Ball
1-0: Fly out, F9 (Flyball, 9LS, EV 83.8 MPH)
Batting: RHB José Álvarez 0-0: Ball
1-0: Fly out, F9 (Flyball, 9LM, EV 86.9 MPH)
Batting: RHB Armando Altagracia 0-0: Called Strike
0-1: Foul Ball, location: 2F
0-2: Foul Ball, location: 2F
0-2: Strikes out swinging
Bottom of the 6th over - 0 runs, 0 hits, 0 errors, 0 left on base; Memphis 5 - Forest City 3
TOP OF THE 7TH
Memphis Redbirds batting - Pitching for Forest City Warriors : RHP Dave Berry
Batting: RHB Joël Pesci 0-0: Called Strike
0-1: Ball
1-1: Called Strike
1-2: Foul Ball, location: 2F
1-2: Ground out 6-3 (Groundball, 6M, EV 93.8 MPH)
Batting: RHB Ed Roth 0-0: Swinging Strike
0-1: Ball
1-1: Ball
2-1: Called Strike
2-2: Fly out, F8 (Line Drive, 8RM, EV 104.4 MPH)
Batting: RHB Yong-hong Ren 0-0: Ball
1-0: Ball
2-0: Foul Ball, location: 2F
2-1: SINGLE (Line Drive, 56, EV 102.5 MPH)
Batting: RHB Júlio Coronado 0-0: Called Strike
0-1: Ball
1-1: Foul Ball, location: 2F
1-2: Ball
Yong-hong Ren is caught stealing 2nd base 2-4
Top of the 7th over - 0 runs, 1 hit, 0 errors, 0 left on base; Memphis 5 - Forest City 3
BOTTOM OF THE 7TH
Forest City Warriors batting - Pitching for Memphis Redbirds : RHP Annamaya Rakhi
Batting: RHB Dale Epner 0-0: Ball
1-0: Called Strike
1-1: Fly out, F7 (Flyball, 7LS, EV 95.6 MPH)
Batting: RHB Ernest Franks 0-0: Called Strike
0-1: Foul Ball, location: 2F
0-2: Ball
1-2: Strikes out swinging
Batting: RHB Sigi Lang 0-0: Called Strike
0-1: Ball
1-1: Ball
2-1: Swinging Strike
2-2: Ground out 5-3 (Groundball, 56S, EV 91.2 MPH)
Bottom of the 7th over - 0 runs, 0 hits, 0 errors, 0 left on base; Memphis 5 - Forest City 3
TOP OF THE 8TH
Memphis Redbirds batting - Pitching for Forest City Warriors : RHP Dave Berry
Pitching: LHP Hermenegildo Beliago
Batting: RHB Júlio Coronado 0-0: Ball
1-0: Swinging Strike
1-1: Swinging Strike
1-2: Ground out 4-3 (Groundball, 34, EV 83.1 MPH)
Batting: LHB Rodney McClellan 0-0: Foul Ball, location: 2F
0-1: Foul Ball, location: 2F
0-2: Strikes out swinging
Batting: RHB Jesús Capmany 0-0: Called Strike
0-1: Ball
1-1: Ball
2-1: Ground out U3 (Groundball, 3, EV 85.6 MPH)
Top of the 8th over - 0 runs, 0 hits, 0 errors, 0 left on base; Memphis 5 - Forest City 3
BOTTOM OF THE 8TH
Forest City Warriors batting - Pitching for Memphis Redbirds : RHP Annamaya Rakhi
Pitching: LHP Joe Gram
Batting: RHB Roberto Vázquez 0-0: Called Strike
0-1: Ball
1-1: Fly out, F9 (Flyball, 9LS, EV 80.0 MPH)
Batting: RHB Wilbur Davis 0-0: Foul Ball, location: 2F
0-1: SINGLE (Line Drive, 7S, EV 106.9 MPH)
Batting: RHB Chris Walters 0-0: Ball
1-0: Foul Ball, location: 2F
1-1: SINGLE (Groundball, 4MD, EV 95.0 MPH)
Wilbur Davis to second
Runner from 2nd tries for 3rd, SAFE, throw by CF made to third
Batting: RHB Lawrence Stokes 0-0: Ball
1-0: Ball
2-0: Called Strike
2-1: Called Strike
2-2: Strikes out swinging
Batting: RHB José Álvarez 0-0: Ball
1-0: Ball
2-0: Foul Ball, location: 2F
2-1: Foul Ball, location: 2F
2-2: Ground out 4-3 (Groundball, 4MS, EV 61.9 MPH)
Bottom of the 8th over - 0 runs, 2 hits, 0 errors, 2 left on base; Memphis 5 - Forest City 3
TOP OF THE 9TH
Memphis Redbirds batting - Pitching for Forest City Warriors : LHP Hermenegildo Beliago
Batting: RHB Gonzalo Quintanilla 0-0: Called Strike
0-1: Called Strike
0-2: Ball
1-2: Ball
2-2: Fly out, F5 (Popup, 56S, EV 77.5 MPH)
Batting: RHB Bernardo Rodríguez 0-0: Foul Ball, location: 2F
0-1: Ball
1-1: Ground out 6-3 (Groundball, 6, EV 91.2 MPH)
Batting: RHB Dave Bauer 0-0: Ground out 6-3 (Groundball, 6, EV 86.2 MPH)
Top of the 9th over - 0 runs, 0 hits, 0 errors, 0 left on base; Memphis 5 - Forest City 3
BOTTOM OF THE 9TH
Forest City Warriors batting - Pitching for Memphis Redbirds : LHP Joe Gram
Batting: RHB Armando Altagracia 0-0: Called Strike
0-1: Called Strike
0-2: Foul Ball, location: 2F
0-2: Ball
1-2: Fly out, F8 (Line Drive, 8RD, EV 97.5 MPH)
Batting: RHB Dale Epner 0-0: Ball
1-0: Ball
2-0: Ball
3-0: Called Strike
3-1: Base on Balls
Pitching: RHP Wilford Barnes
Pinch Hitting: LHB Pat Carter 0-0: Foul Ball, location: 2F
0-1: Ball
1-1: Ball
2-1: Ball
3-1: Called Strike
Pickoff Throw by Catcher to First - Out!
3-2: Foul Ball, location: 2F
3-2: Base on Balls
Pinch Hitting: LHB Sadatake Abe 0-0: DOUBLE (Line Drive, 89XD, EV 110.0 MPH)
Pat Carter to third
Batting: RHB Roberto Vázquez 0-0: Ball
1-0: SINGLE (Line Drive, 56, EV 100.6 MPH)
Pat Carter scores
Sadatake Abe to third
Runner from 3rd tries for Home, SAFE, throw by LF to home
Batting: RHB Wilbur Davis 0-0: Ball
Roberto Vázquez steals 2nd base
1-0: Intentional Walk
Batting: RHB Chris Walters 0-0: Ground out U3 (Groundball, 3L, EV 78.1 MPH)
Bottom of the 9th over - 2 runs, 2 hits, 0 errors, 2 left on base; Memphis 5 - Forest City 5
TOP OF THE 10TH
Memphis Redbirds batting - Pitching for Forest City Warriors : LHP Hermenegildo Beliago
Now in LF: Sadatake Abe
Now in RF: Pat Carter
Batting: RHB Joël Pesci 0-0: Called Strike
0-1: Ball
1-1: Swinging Strike
1-2: Foul Ball, location: 2F
1-2: Strikes out looking
Batting: RHB Ed Roth 0-0: Ball
1-0: Foul Ball, location: 2F
1-1: Ball
2-1: Fly out, F8 (Line Drive, 8LM, EV 93.8 MPH)
Batting: RHB Yong-hong Ren 0-0: SINGLE (Groundball, 4MD, EV 101.2 MPH)
Batting: RHB Júlio Coronado 0-0: Ball
1-0: Called Strike
1-1: Ball
2-1: Called Strike
2-2: Fielders Choice at 2nd, 6-4 (Groundball, 6, EV 105.6 MPH)
Top of the 10th over - 0 runs, 1 hit, 0 errors, 1 left on base; Memphis 5 - Forest City 5
BOTTOM OF THE 10TH
Forest City Warriors batting - Pitching for Memphis Redbirds : RHP Wilford Barnes
Batting: RHB Lawrence Stokes 0-0: Ball
1-0: Foul Ball, location: 2F
1-1: Fly out, F8 (Line Drive, 8RD, EV 93.1 MPH)
Batting: RHB José Álvarez 0-0: Called Strike
0-1: Foul Ball, location: 2F
0-2: Ball
1-2: Ball
2-2: Foul Ball, location: 2F
2-2: Ball
3-2: Foul Ball, location: 2F
3-2: Foul Ball, location: 2F
3-2: Ground out 6-3 (Groundball, 6, EV 88.8 MPH)
Batting: RHB Armando Altagracia 0-0: Fly out, F7 (Flyball, 7, EV 91.2 MPH)
Bottom of the 10th over - 0 runs, 0 hits, 0 errors, 0 left on base; Memphis 5 - Forest City 5
TOP OF THE 11TH
Memphis Redbirds batting - Pitching for Forest City Warriors : LHP Hermenegildo Beliago
Batting: LHB Rodney McClellan 0-0: Called Strike
0-1: Swinging Strike
0-2: Strikes out swinging
Batting: RHB Jesús Capmany 0-0: Foul Ball, location: 2F
0-1: Foul Ball, location: 2F
0-2: Ball
1-2: Ball
2-2: Foul Ball, location: 2F
2-2: Ball
3-2: Strikes out swinging
Batting: RHB Gonzalo Quintanilla 0-0: Foul Ball, location: 2F
0-1: SINGLE (Groundball, 56D, EV 102.5 MPH)
Batting: RHB Bernardo Rodríguez 0-0: Ball
1-0: Foul Ball, location: 2F
1-1: Ground out U3 (Groundball, 34, EV 100.0 MPH)
Top of the 11th over - 0 runs, 1 hit, 0 errors, 1 left on base; Memphis 5 - Forest City 5
BOTTOM OF THE 11TH
Forest City Warriors batting - Pitching for Memphis Redbirds : RHP Wilford Barnes
Pinch Hitting: LHB Pedro Guerrero 0-0: Ball
1-0: Called Strike
1-1: Ball
2-1: Ball
3-1: Foul Ball, location: 2F
3-2: Foul Ball, location: 2F
3-2: Base on Balls
Batting: LHB Pat Carter 0-0: Sac Bunt to 15 - play at first, batter OUT! 1-4
Pedro Guerrero to second
Batting: LHB Sadatake Abe 0-0: Intentional Walk
Batting: RHB Roberto Vázquez 0-0: Ball
1-0: Called Strike
1-1: Swinging Strike
1-2: Ball
2-2: Ball
3-2: Foul Ball, location: 2F
3-2: Fly out, F8 (Line Drive, 8RD, EV 93.1 MPH)
Throwing error, E8
Pedro Guerrero scores
Tuesday, January 5th, 2021 - OOTP Baseball 20.8 Build 74